 Dungeon Sprint DCSS version 0.24.0-1-gfbc8707 (webtiles) character file.

Game seed: 4018210896367503456, levelgen mode: deterministic

16824 Fang the Warrior (level 12, -1/91 HPs)
             Began as a Gargoyle Berserker on Nov 4, 2019.
             Was the Champion of Trog.
             Slain by an iron dragon (4 damage)
             ... in the Dungeon (Sprint V: "Ziggurat Sprint").
             The game lasted 00:03:06 (1054 turns).

Fang the Warrior (Gargoyle Berserker)               Turns: 1054, Time: 00:03:07

Health: -1/91      AC: 47    Str: 26    XL:     12   Next: 41%
Magic:  12/12      EV: 13    Int: 10    God:    Trog [******]
Gold:   0          SH: 33    Dex: 13    Spells: 11/11 levels left

rFire    . . .     SeeInvis +   G - +3 broad axe (holy)
rCold    . . .     Gourm    .   E - +18 shield of the Gong {rElec rN+ MR+ EV-5}
rNeg     + + .     Faith    .   b - +15 Maxwell's patent armour {-Cast -Tele rElec MR+ rCorr}
rPois    ∞         Spirit   .   (no helmet)
rElec    +         Reflect  .   (no cloak)
rCorr    +         Harm     .   o - +0 pair of gloves {Dex+3}
MR       +++..     NoTele   +   K - +2 pair of boots of Analysis {MR+ SInv} Stlth ..........NoCast +
                                (no amulet)
HPRegen  0.25/turn              B - ring of Phasing {EV+8}
MPRegen  0.13/turn              z - ring of the Octopus King {AC+1 EV+1 Str+1 Int+1 Dex+1 Stlth+}

@: berserk cooldown, slowed, very slow
A: negative energy resistance 1, electricity resistance, unbreathing,
petrification resistance, rot immunity, AC +8
a: Berserk, Trog's Hand, Brothers in Arms, Renounce Religion


You were in the Dungeon.
You worshipped Trog.
Trog was exalted by your worship.
You were very hungry.

You visited 1 branch

Inventory:

Hand Weapons
 a - a +5 broad axe of chopping
 A - the +4 hand axe of Wondrous Power {drain, Str+6 Int+4 Dex-3}
   (Trog gifted it to you in the Dungeon)

   A truly terrible weapon, it drains the life of those it strikes.
   It affects your strength (+6).
   It affects your intelligence (+4).
   It affects your dexterity (-3).
 F - the +4 battleaxe of Conformity {venom, *Noise +Blink rPois}
   (Trog gifted it to you in the Dungeon)

   It poisons the flesh of those it strikes.
   It protects you from poison.
   It lets you blink.
   It may make noises in combat.
 G - a +3 broad axe of holy wrath (weapon)
Armour
 b - the +15 Maxwell's patent armour (worn) {-Cast -Tele rElec MR+ rCorr}
   (You found it in the Dungeon)

   It insulates you from electricity.
   It affects your resistance to hostile enchantments.
   It prevents spellcasting.
   It prevents most forms of teleportation.
   It provides partial protection from all sources of acid and corrosion.
 o - a +0 pair of gloves of dexterity (worn)
 E - the +18 shield of the Gong (worn) {rElec rN+ MR+ EV-5}
   (You found it in the Dungeon)

   It affects your evasion (-5).
   It insulates you from electricity.
   It protects you from negative energy.
   It affects your resistance to hostile enchantments.
 K - the +2 pair of boots of Analysis (worn) {MR+ SInv}
   (You found it in the Dungeon)

   It affects your resistance to hostile enchantments.
   It lets you see invisible.
Jewellery
 y - an uncursed ring of protection from fire
 z - a ring of the Octopus King (right hand) {AC+1 EV+1 Str+1 Int+1 Dex+1 Stlth+}
   (You found it in the Dungeon)

   [ring of stealth]

   It affects your AC (+1).
   It affects your evasion (+1).
   It affects your strength (+1).
   It affects your intelligence (+1).
   It affects your dexterity (+1).
   It makes you more stealthy.
 B - the ring of Phasing (left hand) {EV+8}
   (You found it in the Dungeon)

   [ring of evasion]

   It affects your evasion (+8).
 C - a +6 ring of strength
 D - a +6 ring of strength
 H - an uncursed ring of flight
 J - a +5 ring of dexterity
 L - an uncursed amulet of the acrobat
 M - an uncursed ring of stealth
Wands
 u - a wand of disintegration (7)
 v - a wand of iceblast (7)
 w - a wand of acid (7)
Scrolls
 i - 4 scrolls of blinking
 j - 7 scrolls of fog
 k - a scroll of holy word
 l - 4 scrolls of identify
 m - 5 scrolls of remove curse
 n - 2 scrolls of fear
 I - 4 scrolls of enchant armour
Potions
 d - 10 potions of curing
 e - 9 potions of heal wounds
 f - 13 potions of haste
 h - 3 potions of berserk rage
 p - 2 potions of invisibility
 q - 4 potions of resistance
 r - a potion of experience
 s - 5 potions of agility
 t - 5 potions of might
Comestibles
 c - 7 rations
 g - 7 chunks of flesh


   Skills:
 * Level 17.5 Fighting
 * Level 15.2 Axes
 + Level 15.5 Armour
 - Level 1.5 Dodging
 * Level 17.3 Shields


You had 11 spell levels left.
You didn't know any spells.
Your spell library was empty.

Dungeon Overview and Level Annotations

Branches:
Dungeon (1/1)

Altars:
Ashenzari
Cheibriados
Dithmenos
Elyvilon
Fedhas
Gozag
Hepliaklqana
Kikubaaqudgha
Makhleb
Nemelex Xobeh
Okawaru
Qazlal
Ru
Sif Muna
Trog
Uskayaw
Vehumet
Wu Jian
Xom
Yredelemnul
Zin
The Shining One
Beogh
Jiyva
Lugonu

Annotations:
D 1 transporter


Innate Abilities, Weirdness & Mutations

You are resistant to torment.
Your stone body is resilient. (AC +8)
You are immune to poison.
You resist negative energy. (rN+)
You are resistant to electric shocks. (rElec)
You can survive without breathing.
You are immune to petrification.
You are immune to rotting.


Message History

You slice the iron golem!!
The iron golem is heavily damaged.
You hit the iron golem.
You hit the stone giant but do no damage.
You slash the iron dragon! You block the stone giant's attack.
PANG!
You slash the iron golem!
The iron golem is severely damaged.
You cut the iron golem into ribbons!!! You hit the stone giant.
You closely miss the iron dragon.
You are no longer berserk.
You are exhausted.
You feel yourself slow down. You block the iron golem's attack.
GONNNNG!
You block the iron golem's attack.
GONNNNG!
The iron dragon bites you.
* * * LOW HITPOINT WARNING * * *
The iron dragon barely misses you. The iron dragon tramples you.
You die...

▓▓▓▓▓▓▓▓▓▓▓▓▓▓▓▓▓▓▓▓▓
▓...8©8...▓≈≈.8©8.≈.▓
▓..)=}|)|.▓..|)):).≈▓
▓..)))))..▓..|}}[:..▓
▓.........▓≈..≈.≈...▓
▓.........▓.≈.......▓
▓.........▓...≈.))).▓
▓..8CD....▓..≈..)≈..▓
▓..▓@89▓..▓...≈≈))≈.▓
▓.........▓≈▓≈.)..▓.▓
▓....©....▓.≈..©(..≈▓
▓▓▓▓▓▓▓▓▓▓▓▓▓▓▓▓▓▓▓▓▓


You could see 2 iron golems, an iron dragon, a stone giant and a gargoyle.

Vanquished Creatures
  2 stone giants (D)
  2 crystal guardians (D)
  An ogre mage (D)
  3 vault guards (D)
  A merfolk aquamancer (D)
  A dancing weapon (D)
  An iron golem (D)
  A sea snake (D)
  A necromancer (D)
  A deep elf mage (D)
  A naga mage (D)
  2 black mambas (D)
  An orange demon (D)
  A gargoyle (D)
  A freezing wraith (D)
  2 yaktaurs (D)
  An ice devil (D)
  A red devil (D)
  2 hornets (D)
  A hippogriff (D)
  5 spriggans (D)
  3 fire elementals (D)
  A naga (D)
  2 water moccasins (D)
  3 black bears (D)
  A wolf (D)
  An earth elemental (D)
  2 crimson imps (D)
  3 orc priests (D)
  An iron imp (D)
  3 orc wizards (D)
  4 mummies (D)
  2 adders (D)
  A shadow imp (D)
  4 orcs (D)
  A giant cockroach zombie (D)
  A fire vortex (D)
65 creatures vanquished.

Vanquished Creatures (collateral kills)
  A merfolk impaler (D)
  A merfolk javelineer (D)
  4 merfolk (D)
  A snapping turtle (D)
7 creatures vanquished.

Grand Total: 72 creatures vanquished

Notes
Turn   | Place    | Note
-------+----------+-------------------------------------------
     0 | D        | Fang the Gargoyle Berserker began the quest for the Orb.
     0 | D        | Reached XP level 1. HP: 14/14 MP: 1/1
     6 | D        | Found a blossoming altar of Fedhas.
     7 | D        | Found the +6 Majin-Bo {vamp, Archmagi MP+6 Int+6}
     7 | D        | Found the +7 great mace "Firestarter" {inner flame, rF++}
     7 | D        | Found a transporter.
     7 | D        | Found a viscous altar of Jiyva.
     7 | D        | Found an ancient bone altar of Kikubaaqudgha.
     7 | D        | Found a hazy altar of Hepliaklqana.
     7 | D        | Found a corrupted altar of Lugonu.
     7 | D        | Found an opulent altar of Gozag.
     7 | D        | Found a burning altar of Makhleb.
    11 | D        | Found a stormy altar of Qazlal.
    11 | D        | Found an iron altar of Okawaru.
    11 | D        | Found a sacrificial altar of Ru.
    11 | D        | Found a sparkling altar of Nemelex Xobeh.
    11 | D        | Found a shimmering blue altar of Sif Muna.
    11 | D        | Found a bloodstained altar of Trog.
    18 | D        | Found the +9 heavy crossbow "Sniper" {velocity, Acc+∞ SInv}
    18 | D        | Found the +10 dark maul {crush}
    18 | D        | Found the +15 Maxwell's patent armour {-Cast -Tele rElec
                  | MR+ rCorr}
    18 | D        | Found the +18 shield of the Gong {rElec rN+ MR+ EV-5}
    18 | D        | Found the cursed +14 obsidian axe {chop, +Fly SInv *Curse}
    77 | D        | Entered arena 2.
    77 | D        | Noticed a deep elf mage
    77 | D        | Noticed a +0 trident of freezing
    77 | D        | Found a transporter.
    81 | D        | Noticed a demonic crawler
    81 | D        | Noticed a redback
    81 | D        | Noticed a redback
    85 | D        | Killed a +0 trident of freezing
    85 | D        | Reached XP level 2. HP: 23/28 MP: 2/2
    85 | D        | Reached XP level 3. HP: 26/32 MP: 3/3
    85 | D        | Reached XP level 4. HP: 30/37 MP: 4/4
    85 | D        | Reached XP level 5. HP: 34/42 MP: 5/5
    85 | D        | Reached XP level 6. HP: 39/48 MP: 6/6
    85 | D        | Reached XP level 7. HP: 42/52 MP: 7/7
    86 | D        | Noticed a hellwing
    87 | D        | Noticed a demonic crawler
    88 | D        | Killed a deep elf mage
    88 | D        | Reached ** piety under Trog
    88 | D        | Reached skill level 10 in Fighting
    88 | D        | Reached skill level 10 in Shields
    88 | D        | Reached XP level 8. HP: 49/59 MP: 8/8
   218 | D        | Entered arena 3.
   218 | D        | Noticed a spriggan
   218 | D        | Found a transporter.
   226 | D        | Killed a spriggan
   226 | D        | Reached *** piety under Trog
   273 | D        | Entered arena 4.
   273 | D        | Found a transporter.
   282 | D        | Reached skill level 10 in Axes
   282 | D        | Reached XP level 9. HP: 65/65 MP: 9/9
   331 | D        | Entered arena 5.
   331 | D        | Found a transporter.
   337 | D        | Reached **** piety under Trog
   518 | D        | Entered arena 6.
   518 | D        | Found a transporter.
   524 | D        | Reached ***** piety under Trog
   534 | D        | Entered arena 7.
   535 | D        | Found the ring of the Octopus King {AC+1 EV+1 Str+1 Int+1
                  | Dex+1 Stlth+}
   535 | D        | Identified the +4 hand crossbow "Acarineslayer" {velocity,
                  | rF+ rC+ Int+7}
   535 | D        | Found a transporter.
   539 | D        | Received a gift from Trog
   559 | D        | Got a ring of the Octopus King {AC+1 EV+1 Str+1 Int+1 Dex+1
                  | Stlth+}
   564 | D        | Entered arena 8.
   564 | D        | Noticed a spriggan rider
   564 | D        | Noticed a spriggan rider
   565 | D        | Found a transporter.
   571 | D        | Received a gift from Trog
   577 | D        | Reached skill level 10 in Armour
   578 | D        | Killed a hornet
   578 | D        | Reached ****** piety under Trog
   580 | D        | Killed a hornet
   586 | D        | Got a brightly glowing hand axe {god gift}
   587 | D        | Identified the +4 hand axe of Wondrous Power {drain, Str+6
                  | Int+4 Dex-3} (Trog gifted it to you in the Dungeon)
   648 | D        | Entered arena 9.
   648 | D        | Noticed an ice devil
   648 | D        | Noticed an orange demon
   648 | D        | Noticed a red devil
   649 | D        | Found the ring of Phasing {EV+8}
   649 | D        | Found a transporter.
   654 | D        | Killed an ice devil
   654 | D        | Reached XP level 10. HP: 73/73 MP: 10/10
   655 | D        | Killed an orange demon
   655 | D        | Received a gift from Trog
   667 | D        | Identified the +4 battleaxe of Conformity {venom, *Noise
                  | +Blink rPois} (Trog gifted it to you in the Dungeon)
   709 | D        | Entered arena 10.
   709 | D        | Noticed a naga mage
   709 | D        | Noticed a black mamba
   709 | D        | Noticed a black mamba
   710 | D        | Found a transporter.
   716 | D        | Killed a black mamba
   716 | D        | Received a gift from Trog
   718 | D        | Killed a black mamba
   719 | D        | Killed a naga mage
   720 | D        | Received a gift from Trog
   741 | D        | Got the +2 pair of boots of Analysis {MR+ SInv}
   765 | D        | Entered arena 11.
   765 | D        | Noticed a vault guard
   765 | D        | Noticed an ogre mage
   765 | D        | Noticed a vault guard
   765 | D        | Noticed a necromancer
   765 | D        | Noticed a vault guard
   765 | D        | Noticed a stone giant
   766 | D        | Identified the +7 hunting sling "Hiunamob" {flame, *Drain
                  | rPois Str+2}
   766 | D        | Found a transporter.
   772 | D        | Killed a vault guard
   778 | D        | Reached XP level 11. HP: 80/80 MP: 11/11
   779 | D        | Killed a vault guard
   779 | D        | Reached skill level 15 in Fighting
   780 | D        | Killed a necromancer
   780 | D        | Reached skill level 15 in Shields
   782 | D        | Killed a stone giant
   799 | D        | Killed an ogre mage
   799 | D        | Received a gift from Trog
   810 | D        | Killed a vault guard
   902 | D        | Entered arena 12.
   902 | D        | Noticed a merfolk aquamancer
   903 | D        | Noticed a merfolk javelineer
   903 | D        | Noticed a sea snake
   903 | D        | Noticed a merfolk impaler
   904 | D        | Found a transporter.
   912 | D        | Killed a sea snake
   920 | D        | Killed a merfolk aquamancer
   936 | D        | Killed a merfolk javelineer
   936 | D        | Received a gift from Trog
   938 | D        | Killed a merfolk impaler
   938 | D        | Reached skill level 15 in Armour
   939 | D        | Reached XP level 12. HP: 49/90 MP: 3/12
  1027 | D        | Entered arena 13.
  1027 | D        | Noticed an iron golem
  1027 | D        | Noticed a crystal guardian
  1027 | D        | Noticed an iron dragon
  1027 | D        | Noticed a crystal guardian
  1027 | D        | Noticed a stone giant
  1027 | D        | Noticed an iron golem
  1028 | D        | Noticed an iron golem
  1028 | D        | Noticed a stone giant
  1029 | D        | Found the +3 sling "Punk" {acid, rCorr}
  1029 | D        | Found a transporter.
  1038 | D        | Killed a crystal guardian
  1038 | D        | Received a gift from Trog
  1042 | D        | Killed an iron golem
  1043 | D        | Killed a stone giant
  1043 | D        | Reached skill level 15 in Axes
  1047 | D        | Killed a crystal guardian
  1048 | D        | HP: 5/136 [iron dragon (5)]
  1054 | D        | HP: 3/91 [iron dragon (1)]
  1054 | D        | Slain by an iron dragon

Levels and vault maps discovered:
D:        sprint_v [room_start, room_1, room_2, room_3, room_4, room_5, room_6,
          room_7, room_8, room_9, room_10, room_11, room_12, room_13, room_14,
          room_15, room_16, room_17, room_18, room_19, room_20, room_21,
          room_22, room_23, room_24, room_25, room_26, room_27]

Skill      XL: |  1  2  3  4  5  6  7  8  9 10 11 12 |
---------------+-------------------------------------+-----
Fighting       | 9 10 11 13 14 16 17 | 17.5
Axes           | 8 9 10 11 12 14 15 | 15.2
Armour         | 6 7 8 10 12 15 | 15.5
Shields        | 9 10 11 13 14 16 17 | 17.3
Dodging        | |  1.5

Action                   |  1- 3 |  4- 6 |  7- 9 | 10-12 || total
-------------------------+-------+-------+-------+-------++-------
Melee: Broad axe         |     6 |       |    57 |    99 ||   162
Invok: Berserk           |     1 |       |     5 |     4 ||    10
       Trog's Hand       |       |       |       |     1 ||     1
       Brothers in Arms  |       |       |       |     1 ||     1
  Use: Scroll            |       |       |       |     2 ||     2
       Potion            |       |       |       |     1 ||     1
  Eat: Chunk             |       |       |     4 |     5 ||     9
Armor: Plate armour      |     6 |       |    28 |    79 ||   113
Dodge: Dodged            |       |       |     4 |    54 ||    58
Block: Shield            |    11 |       |    80 |   243 ||   334
